 Dungeon Crawl Stone Soup version 0.30-a0-459-g9104f0fc43 (webtiles) character file.

Game seed: 17638076023938426607

813 KennySheep the Chiller (level 7, -1/34 (36) HPs)
             Began as a Deep Elf Ice Elementalist on Dec 16, 2022.
             Was a Believer of Wu Jian.
             Slain by a wight
             ... wielding a +0 scimitar
              (13 damage)
             ... on level 5 of the Dungeon.
             The game lasted 00:13:28 (5000 turns).

KennySheep the Chiller (Deep Elf Ice Elementalist)  Turns: 5000, Time: 00:13:29

HP:   -1/34 (36)    AC:  5    Str:  5    XL:     7   Next: 61%
MP:   18/18         EV: 13    Int: 20    God:    Wu Jian [**....]
Gold: 259           SH:  0    Dex: 17    Spells: 7/18 levels left

rFire   . . .      SeeInvis .    a - +0 sling
rCold   . . .      Faith    .    (no shield)
rNeg    . . .      Spirit   .    i - +0 robe
rPois   .          Reflect  .    t - +2 helmet
rElec   .          Harm     .    (no cloak)
rCorr   .          Rampage  .    (no gloves)
Will    .....                    (no boots)
Stlth   ++........               (no amulet)
HPRegen 0.25/turn                (no ring)
MPRegen 0.16/turn                (no ring)

@: drained
A: no striking features
a: Renounce Religion, Wall Jump


You were on level 5 of the Dungeon.
You worshipped Wu Jian.
Wu Jian was pleased with you.
You visited 1 branch of the dungeon, and saw 5 of its levels.

You collected 259 gold pieces.

Inventory:

Hand Weapons
 a - a +0 sling (weapon)
Armour
 i - a +0 robe (worn)
 t - a +2 helmet (worn)
Scrolls
 c - 3 scrolls of immolation {unknown}
 d - 2 scrolls of teleportation {unknown}
 h - 2 scrolls of blinking
 k - a scroll of fear {unknown}
 l - 2 scrolls of vulnerability {unknown}
 m - 2 scrolls of enchant armour {unknown}
 o - 6 scrolls of identify {unknown}
 q - a scroll of silence {unknown}
 s - a scroll of fog {unknown}
Potions
 b - 4 potions of magic
 e - a potion of lignification {unknown}
 f - 2 potions of curing {unknown}
 g - 3 potions of heal wounds {unknown}
 j - 4 potions of attraction {unknown}
 n - a potion of berserk rage {unknown}
 p - a potion of might {unknown}
 r - 2 potions of flight {unknown}


   Skills:
 * Level 6.9 Ranged Weapons
 - Level 2.4 Dodging
 - Level 2.4 Stealth
 + Level 6.4 Spellcasting
 + Level 7.0 Ice Magic


You had 7 spell levels left.
You knew the following spells:

 Your Spells              Type           Power      Damage    Failure   Level
a - Freeze                Ice            100%       1d10      1%          1
b - Frozen Ramparts       Ice            68%        1d11      1%          3
c - Ozocubu's Armour      Ice            34%        N/A       1%          3
d - Summon Ice Beast      Ice/Summ       20%        N/A       24%         4

Your spell library contained the following spells:

 Spells                   Type           Power      Damage    Failure   Level
 Apportation              Tloc           12%        N/A       10%         1
 Magic Dart               Conj           24%        1d4       10%         1
 Necrotise                Necr           24%        1d5       10%         1
 Summon Small Mammal      Summ           24%        N/A       10%         1
 Searing Ray              Conj           12%        2d4       16%         2
 Fulminant Prism          Conj/Hex       3%         3d5       69%         4


Dungeon Overview and Level Annotations

Branches:
Dungeon (5/15)             Temple (0/1) D:5

Altars:
Wu Jian
Yredelemnul


Message History

You see here a +0 dagger.
There are monsters nearby!
You shoot a sling bullet. The sling bullet hits the centaur.
The centaur is moderately wounded.
The centaur wields a +0 shortbow.
The centaur shoots an arrow.
The arrow misses you.
You hear a bark!
You shoot a sling bullet. The sling bullet hits the centaur.
The centaur is moderately wounded.
The centaur shoots an arrow.
The arrow closely misses you.
The centaur shoots an arrow.
The arrow closely misses you.
You shoot a sling bullet. The sling bullet hits the centaur.
The centaur is heavily wounded.
The centaur shoots an arrow.
The arrow barely misses you.
You hear a bark!
You shoot a sling bullet. The sling bullet hits the centaur.
The centaur is severely wounded.
The centaur shoots an arrow.
The arrow closely misses you.
You hear a bark!
You shoot a sling bullet.
The sling bullet hits the wight but does no damage.
A hound comes into view.
A wight comes into view. It is wielding a +4 long sword.
You shoot a sling bullet.
The sling bullet closely misses the wight.
The sling bullet hits the centaur.
The centaur is severely wounded.
You shoot a sling bullet.
The sling bullet hits the wight but does no damage.
The wight hits you with a +0 scimitar!
You shoot a sling bullet.
The sling bullet hits the wight but does no damage.
The wight closely misses you.
You shoot a sling bullet.
The sling bullet barely misses the wight.
The sling bullet hits the centaur.
The centaur is severely wounded.
The wight hits you with a +0 scimitar!
You feel drained. The wight hits you with a +0 scimitar!
You die...

#.#
#.########.######
#.# #.# .# #.# #.#
z# #.# #.# z. #.#
#.# .# #.# #.# #..
#.# #.# ##.### #.#
######.####...###.
#.#
###......@zchzz.....
#.#
#........####z######
#.# #.#.###### .#
#z# #.....# .# #.#
#.###.## .# #.#
#.###..# c# #.###
#.#.#..# .# #...#
#......# .#
###.####.#.#..#


You could see a centaur, a hound and 4 wights.

Vanquished Creatures
  Sigmund (D:2)
  A black bear (D:5)
  A sky beast (D:5)
  A scorpion (D:5)
  2 hounds
  3 jellies
  An iguana (D:2)
  Natasha (D:2)
  Robin (D:2)
  4 gnolls (D:3)
  5 adders
  2 worms
  2 dart slugs (D:4)
  9 orcs
  7 ball pythons
  12 endoplasms
  11 giant cockroaches
  12 goblins
  8 hobgoblins
  3 jackals (D:1)
  4 quokkas
  7 bats
  2 frilled lizards
  10 kobolds
  16 rats
126 creatures vanquished.

Notes
Turn   | Place    | Note
-------+----------+-------------------------------------------
     0 | D:1      | KennySheep the Deep Elf Ice Elementalist began the quest
                  | for the Orb.
     0 | D:1      | Reached XP level 1. HP: 10/10 MP: 6/6
   129 | D:1      | Reached XP level 2. HP: 15/15 MP: 4/8
   694 | D:1      | Reached XP level 3. HP: 19/19 MP: 10/10
   705 | D:1      | Reached skill level 5 in Ice Magic
   998 | D:2      | Learned a level 3 spell: Frozen Ramparts
  1002 | D:2      | Learned a level 3 spell: Ozocubu's Armour
  1112 | D:2      | Noticed Sigmund
  1119 | D:2      | Killed Sigmund
  1120 | D:2      | Reached XP level 4. HP: 20/24 MP: 7/12
  1120 | D:2      | Reached XP level 5. HP: 23/28 MP: 8/14
  1248 | D:2      | Reached skill level 5 in Spellcasting
  1248 | D:2      | Reached skill level 6 in Ice Magic
  1350 | D:2      | Learned a level 4 spell: Summon Ice Beast
  1369 | D:2      | Noticed Robin
  1713 | D:2      | Found a basalt altar of Yredelemnul.
  1768 | D:2      | Found a faded altar of an unknown god.
  1784 | D:2      | Killed Robin
  1785 | D:2      | Reached XP level 6. HP: 19/32 MP: 11/15
  1790 | D:2      | Prayed at the altar of an unknown god.
  1790 | D:2      | Became a worshipper of the Wu Jian Council
  1790 | D:2      | Reached * piety under Wu Jian
  2088 | D:2      | Noticed Natasha
  2094 | D:2      | Killed Natasha
  3285 | D:3      | Found a basalt altar of Yredelemnul.
  3510 | D:4      | Reached ** piety under Wu Jian
  3511 | D:4      | Reached skill level 5 in Ranged Weapons
  4097 | D:5      | Entered Level 5 of the Dungeon
  4129 | D:5      | Reached XP level 7. HP: 18/36 MP: 11/17
  4847 | D:5      | Found a staircase to the Ecumenical Temple.
  4876 | D:5      | Reached skill level 7 in Ice Magic
  5000 | D:5      | Slain by a wight

Illustrated notes

Levels and vault maps discovered:
D:1:      dpeg_arrival_simpleton_b, layout_loops_ring
D:2:      minmay_roachtagon, layout_basic, basic_altar,
          shapermc_ecumenical_altar_mp_highgroup, minmay_rat_gold_closets,
          uniq_robin, uniq_natasha, uniq_sigmund
D:3:      layout_loops_ring, lemuel_tele_altar, serial_rivers,
          chequers_serial_rivers_micro_a, chequers_serial_rivers_small_b,
          chequers_serial_rivers_large_b, chequers_serial_rivers_room_b
D:4:      layout_cave_pods, minmay_unequal
D:5:      layout_loops_ring, minmay_temple_entry_statues

Skill      XL: |  1  2  3  4  5  6  7 |
---------------+----------------------+-----
Spellcasting   | 4 5 6 |  6.4
Ice Magic      | 5 6 7 |  7.0
Ranged Weapons | 3 4 5 6 |  6.9
Dodging        | |  2.4
Stealth        | |  2.4

Action                   |  1- 3 |  4- 6 |  7- 9 || total
-------------------------+-------+-------+-------++-------
Melee: Unarmed           |     3 |       |       ||     3
 Fire: Sling             |    30 |   198 |    53 ||   281
 Cast: Freeze            |    29 |    64 |    21 ||   114
       Frozen Ramparts   |     1 |       |       ||     1
  Use: Scroll            |       |       |     1 ||     1
Armor: Robe              |     8 |    14 |     6 ||    28
Dodge: Dodged            |    25 |    71 |    28 ||   124

Table legend: (Time is in decaauts)
 A = Elapsed time spent in this place.
 B = Non-inter-level travel time spent in this place.
 C = Inter-level travel time spent in this place.
 D = Time resting spent in this place.
 E = Time spent auto-exploring this place.
 F = Levels seen in this place.
 G = Mean time per level.
                   A        B        C        D        E       F      G
               +--------+--------+--------+--------+--------+-----+--------+
         Total |   5087 |   4933 |    154 |    342 |   3772 |   5 | 1017.4 |
       Dungeon |   5087 |   4933 |    154 |    342 |   3772 |   5 | 1017.4 |
               +--------+--------+--------+--------+--------+-----+--------+

Top non-repeatable levels by time:
     D:3: 1222 daAuts
     D:2: 1200 daAuts
     D:1: 998 daAuts
     D:4: 854 daAuts
     D:5: 811 daAuts
